TOP OF THE 1ST |
Highwood Hawks batting - Pitching for Syracuse Storm : RHP António Marés
|
Pitching: RHP António Marés
|
|
Batting: RHB Marcox Fiadeiro
|
0-0: Called Strike 0-1: Called Strike 0-2: Fly out, F4 (Popup, 4)
|
Batting: RHB Oscar Stephens
|
0-0: Ball 1-0: Foul Ball, location: 2F 1-1: Swinging Strike 1-2: Foul Ball, location: 2F 1-2: Strikes out swinging
|
Batting: RHB Luis Jelarde
|
0-0: SINGLE (Line Drive, 7LS)
|
Batting: SHB José Quintero
|
0-0: Called Strike 0-1: Swinging Strike 0-2: Ball 1-2: Fly out, F8 (Flyball, 8LXD)
|
Top of the 1st over - 0 run(s), 1 hit(s), 0 error(s), 1 left on base; Highwood 0 - Syracuse 0 |
BOTTOM OF THE 1ST |
Syracuse Storm batting - Pitching for Highwood Hawks : RHP Enrique Madrid
|
Pitching: RHP Enrique Madrid
|
|
Batting: RHB Sung-min Pae
|
0-0: Fly out, F4 (Popup, 34)
|
Batting: RHB Carlos Maldonado
|
0-0: Called Strike 0-1: Foul Ball, location: 2F 0-2: Ball 1-2: Strikes out swinging
|
Batting: LHB Mario Ramos
|
0-0: Swinging Strike 0-1: Ball 1-1: Called Strike 1-2: Ball 2-2: Foul Ball, location: 2F 2-2: Ball 3-2: Strikes out looking
|
Bottom of the 1st over - 0 run(s), 0 hit(s), 0 error(s), 0 left on base; Highwood 0 - Syracuse 0 |
TOP OF THE 2ND |
Highwood Hawks batting - Pitching for Syracuse Storm : RHP António Marés
|
Now in CF: Rafael Delgado
|
|
Batting: RHB Derrek Church
|
0-0: Foul Ball, location: 2F 0-1: Ball 1-1: Swinging Strike 1-2: Ball 2-2: Ground out 5-3 (Groundball, 56)
|
Batting: SHB Luis Manuel Flores
|
0-0: Ball 1-0: Ball 2-0: Ball 3-0: SINGLE (Groundball, 4MD)
|
Batting: RHB Pepe Álvarez
|
0-0: Ball 1-0: Ball 2-0: Called Strike 2-1: Called Strike 2-2: Foul Ball, location: 2F 2-2: Ground out 5-3 (Groundball, 5S) Luis Manuel Flores to second
|
Batting: RHB Geoffrey Broekhuizen
|
0-0: Ball 1-0: Ground out 6-3 (Groundball, 6)
|
Top of the 2nd over - 0 run(s), 1 hit(s), 0 error(s), 1 left on base; Highwood 0 - Syracuse 0 |
BOTTOM OF THE 2ND |
Syracuse Storm batting - Pitching for Highwood Hawks : RHP Enrique Madrid
|
Batting: RHB Rafael Delgado
|
0-0: Ball 1-0: Foul Ball, location: 2F 1-1: Ball 2-1: Called Strike 2-2: Ball 3-2: Strikes out swinging
|
Batting: RHB Juan Salinas
|
0-0: Called Strike 0-1: SINGLE (Groundball, 6MD)
|
Batting: RHB Noah Smith
|
0-0: Ball 1-0: Ball 2-0: Ball 3-0: Base on Balls Juan Salinas to second
|
Batting: SHB John Clayton
|
0-0: Fielders Choice at 2nd, 1-6 (Groundball, 15) Juan Salinas to third
|
Batting: LHB Jim Unknown
|
0-0: Ball 1-0: Foul Ball, location: 2F 1-1: Foul Ball, location: 2F 1-2: Strikes out looking
|
Bottom of the 2nd over - 0 run(s), 1 hit(s), 0 error(s), 2 left on base; Highwood 0 - Syracuse 0 |
TOP OF THE 3RD |
Highwood Hawks batting - Pitching for Syracuse Storm : RHP António Marés
|
Batting: LHB Errol Levick
|
0-0: Ball 1-0: Ball 2-0: Ball 3-0: Base on Balls
|
Batting: RHB Marcox Fiadeiro
|
0-0: Ball 1-0: Foul Ball, location: 2F 1-1: Foul Ball, location: 2F 1-2: Strikes out swinging
|
Batting: RHB Oscar Stephens
|
0-0: Called Strike 0-1: Ball 1-1: Called Strike 1-2: Strikes out looking
|
Batting: RHB Luis Jelarde
|
0-0: Called Strike 0-1: Ball 1-1: Fly out, F7 (Flyball, 7D)
|
Top of the 3rd over - 0 run(s), 0 hit(s), 0 error(s), 1 left on base; Highwood 0 - Syracuse 0 |
BOTTOM OF THE 3RD |
Syracuse Storm batting - Pitching for Highwood Hawks : RHP Enrique Madrid
|
Batting: LHB Carlos Garza
|
0-0: Ball 1-0: Foul Ball, location: 2F 1-1: SINGLE (Groundball, 6MD) (infield hit)
|
Batting: RHB Sung-min Pae
|
0-0: Ball Carlos Garza is caught stealing 2nd base 1-0: Foul Ball, location: 2F 1-1: Ground out 1-3 (Groundball, 13S)
|
Batting: RHB Carlos Maldonado
|
0-0: Called Strike 0-1: Swinging Strike 0-2: Ball 1-2: Ground out 6-3 (Groundball, 6)
|
Bottom of the 3rd over - 0 run(s), 1 hit(s), 0 error(s), 0 left on base; Highwood 0 - Syracuse 0 |
TOP OF THE 4TH |
Highwood Hawks batting - Pitching for Syracuse Storm : RHP António Marés
|
Batting: SHB José Quintero
|
0-0: Swinging Strike 0-1: Foul Ball, location: 2F 0-2: Foul Ball, location: 2F 0-2: Foul Ball, location: 2F 0-2: Ball 1-2: Strikes out swinging
|
Batting: RHB Derrek Church
|
0-0: Foul Ball, location: 2F 0-1: Foul Ball, location: 2F 0-2: Strikes out looking
|
Batting: SHB Luis Manuel Flores
|
0-0: Foul Ball, location: 2F 0-1: Swinging Strike 0-2: Fly out, F7 (Popup, 7S)
|
Top of the 4th over - 0 run(s), 0 hit(s), 0 error(s), 0 left on base; Highwood 0 - Syracuse 0 |
BOTTOM OF THE 4TH |
Syracuse Storm batting - Pitching for Highwood Hawks : RHP Enrique Madrid
|
Batting: LHB Mario Ramos
|
0-0: Called Strike 0-1: Ball 1-1: SINGLE (Line Drive, 34)
|
Batting: RHB Rafael Delgado
|
Pickoff Throw to First - Out! 0-0: Swinging Strike 0-1: Called Strike 0-2: Strikes out looking
|
Batting: RHB Juan Salinas
|
0-0: Called Strike 0-1: Swinging Strike 0-2: Foul Ball, location: 2F 0-2: Strikes out swinging
|
Bottom of the 4th over - 0 run(s), 1 hit(s), 0 error(s), 0 left on base; Highwood 0 - Syracuse 0 |
TOP OF THE 5TH |
Highwood Hawks batting - Pitching for Syracuse Storm : RHP António Marés
|
Batting: RHB Pepe Álvarez
|
0-0: Ball 1-0: Ground out 5-3 (Groundball, 56)
|
Batting: RHB Geoffrey Broekhuizen
|
0-0: DOUBLE (Line Drive, 9LS)
|
Batting: LHB Errol Levick
|
0-0: Swinging Strike 0-1: Ball 1-1: Ground out 4-3 (Groundball, 34) Geoffrey Broekhuizen to third
|
Batting: RHB Marcox Fiadeiro
|
0-0: Ball 1-0: Swinging Strike 1-1: Ball 2-1: Ball 3-1: Foul Ball, location: 2F 3-2: Fly out, F8 (Flyball, 8RM)
|
Top of the 5th over - 0 run(s), 1 hit(s), 0 error(s), 1 left on base; Highwood 0 - Syracuse 0 |
BOTTOM OF THE 5TH |
Syracuse Storm batting - Pitching for Highwood Hawks : RHP Enrique Madrid
|
Batting: RHB Noah Smith
|
0-0: Ball 1-0: Ball 2-0: Called Strike 2-1: Swinging Strike 2-2: Ball 3-2: Base on Balls
|
Batting: SHB John Clayton
|
0-0: Ball 1-0: Sac Bunt - play at first, batter OUT! 1-4 Noah Smith to second
|
Batting: LHB Jim Unknown
|
0-0: Foul Ball, location: 2F 0-1: Ball 1-1: Called Strike 1-2: Fly out, F5 (Popup, 5F)
|
Batting: LHB Carlos Garza
|
0-0: Ball 1-0: Foul Ball, location: 2F 1-1: Ball 2-1: Ball 3-1: Foul Ball, location: 2F 3-2: Base on Balls
|
Batting: RHB Sung-min Pae
|
0-0: Swinging Strike 0-1: Ball 1-1: SINGLE (Line Drive, 89S) Noah Smith to third Carlos Garza to second Runner from 3rd tries for Home, SAFE, throw made home Carlos Garza to third Sung-min Pae to second
|
Batting: RHB Carlos Maldonado
|
0-0: Called Strike 0-1: Fly out, F8 (Flyball, 78S)
|
Bottom of the 5th over - 1 run(s), 1 hit(s), 0 error(s), 2 left on base; Highwood 0 - Syracuse 1 |
TOP OF THE 6TH |
Highwood Hawks batting - Pitching for Syracuse Storm : RHP António Marés
|
Batting: RHB Oscar Stephens
|
0-0: Ground out 5-3 (Groundball, 56)
|
Batting: RHB Luis Jelarde
|
0-0: Ball 1-0: Called Strike 1-1: Foul Ball, location: 2F 1-2: Strikes out swinging
|
Batting: SHB José Quintero
|
0-0: Swinging Strike 0-1: Fly out, F7 (Flyball, 7LM)
|
Top of the 6th over - 0 run(s), 0 hit(s), 0 error(s), 0 left on base; Highwood 0 - Syracuse 1 |
BOTTOM OF THE 6TH |
Syracuse Storm batting - Pitching for Highwood Hawks : RHP Enrique Madrid
|
Batting: LHB Mario Ramos
|
0-0: Foul Ball, location: 2F 0-1: Foul Ball, location: 2F 0-2: DOUBLE (Groundball, 3L)
|
Batting: RHB Rafael Delgado
|
0-0: Ball 1-0: Fly out, F9 (Flyball, 9M)
|
Batting: RHB Juan Salinas
|
0-0: Ground out 6-3 (Groundball, 6M) Mario Ramos to third
|
Batting: RHB Noah Smith
|
0-0: Called Strike 0-1: 2-RUN HOME RUN (Line Drive, 78XD), Distance : 423 ft
|
Batting: SHB John Clayton
|
0-0: Ball 1-0: Ground out U3 (Groundball, 3)
|
Bottom of the 6th over - 2 run(s), 2 hit(s), 0 error(s), 0 left on base; Highwood 0 - Syracuse 3 |
TOP OF THE 7TH |
Highwood Hawks batting - Pitching for Syracuse Storm : RHP António Marés
|
Batting: RHB Derrek Church
|
0-0: Called Strike 0-1: Ball 1-1: Foul Ball, location: 2F 1-2: SINGLE (Flyball, 78S)
|
Batting: SHB Luis Manuel Flores
|
0-0: Called Strike 0-1: Sac Bunt - play at first, batter OUT! 1-4 Derrek Church to second
|
Batting: RHB Pepe Álvarez
|
0-0: Ball 1-0: Ball Derrek Church steals 3rd base 2-0: Called Strike 2-1: Called Strike 2-2: Foul Ball, location: 2F 2-2: Strikes out swinging
|
Batting: RHB Geoffrey Broekhuizen
|
0-0: Swinging Strike 0-1: Called Strike 0-2: Ball 1-2: Strikes out looking
|
Top of the 7th over - 0 run(s), 1 hit(s), 0 error(s), 1 left on base; Highwood 0 - Syracuse 3 |
BOTTOM OF THE 7TH |
Syracuse Storm batting - Pitching for Highwood Hawks : RHP Enrique Madrid
|
Batting: LHB Jim Unknown
|
0-0: Called Strike 0-1: Ball 1-1: Ball 2-1: Ground out 4-3 (Groundball, 4)
|
Batting: LHB Carlos Garza
|
0-0: Called Strike 0-1: Swinging Strike 0-2: Strikes out swinging
|
Batting: RHB Sung-min Pae
|
0-0: Ball 1-0: SINGLE (Groundball, 34D)
|
Batting: RHB Carlos Maldonado
|
0-0: Ball 1-0: Called Strike 1-1: Swinging Strike 1-2: Foul Ball, location: 2F 1-2: Strikes out swinging
|
Bottom of the 7th over - 0 run(s), 1 hit(s), 0 error(s), 1 left on base; Highwood 0 - Syracuse 3 |
TOP OF THE 8TH |
Highwood Hawks batting - Pitching for Syracuse Storm : RHP António Marés
|
Batting: LHB Errol Levick
|
0-0: Fly out, F8 (Flyball, 8RS)
|
Batting: RHB Marcox Fiadeiro
|
0-0: Ball 1-0: Swinging Strike 1-1: Foul Ball, location: 2F 1-2: Strikes out swinging
|
Batting: RHB Oscar Stephens
|
0-0: Foul Ball, location: 2F 0-1: Ball 1-1: Ball 2-1: Foul Ball, location: 2F 2-2: Foul Ball, location: 2F 2-2: Strikes out swinging
|
Top of the 8th over - 0 run(s), 0 hit(s), 0 error(s), 0 left on base; Highwood 0 - Syracuse 3 |
BOTTOM OF THE 8TH |
Syracuse Storm batting - Pitching for Highwood Hawks : RHP Enrique Madrid
|
Batting: LHB Mario Ramos
|
0-0: Ball 1-0: Ball 2-0: Ball 3-0: Base on Balls
|
Batting: RHB Rafael Delgado
|
0-0: Ball 1-0: Foul Ball, location: 2F 1-1: Called Strike 1-2: Ball 2-2: Strikes out swinging
|
Batting: RHB Juan Salinas
|
0-0: Fielders Choice at 2nd, 1-6 (Groundball, 23)
|
Pitching: RHP Ricardo Vargas
|
|
Batting: RHB Noah Smith
|
0-0: Called Strike 0-1: Ball 1-1: Ball 2-1: Ball 3-1: Fly out, F5 (Popup, 25)
|
Bottom of the 8th over - 0 run(s), 0 hit(s), 0 error(s), 1 left on base; Highwood 0 - Syracuse 3 |
TOP OF THE 9TH |
Highwood Hawks batting - Pitching for Syracuse Storm : RHP António Marés
|
Pitching: RHP Juan Ríos
|
|
Batting: RHB Luis Jelarde
|
0-0: Swinging Strike 0-1: Called Strike 0-2: Ball 1-2: Ball 2-2: Strikes out swinging
|
Batting: SHB José Quintero
|
0-0: Ball 1-0: Called Strike 1-1: Called Strike 1-2: Ball 2-2: Ball 3-2: Foul Ball, location: 2F 3-2: Strikes out looking
|
Batting: RHB Derrek Church
|
0-0: Called Strike 0-1: Ball 1-1: Called Strike 1-2: Ball 2-2: Ball 3-2: Fly out, F8 (Popup, 4MD)
|
Top of the 9th over - 0 run(s), 0 hit(s), 0 error(s), 0 left on base; Highwood 0 - Syracuse 3 |
|